SKY
NEW YORK YANKEES @ DETROIT TIGERS
04/23/2052
 
TOP OF THE 1ST
New York Yankees batting - Pitching for Detroit Tigers : RHP Dylan Sheets
Pitching: RHP Dylan Sheets
Batting: LHB Jimmy Boyer 0-0: Ground out 1-3 (Groundball, 34S, EV 63.1 MPH)
Batting: RHB Ray Christman 0-0: Ball
1-0: Ball
2-0: Foul Ball, location: 2F
2-1: Foul Ball, location: 2F
2-2: Foul Ball, location: 5F
2-2: Ball
3-2: Ground out 5-3 (Groundball, 5, EV 103.8 MPH)
Batting: LHB Daryn Scott 0-0: Called Strike
0-1: Foul Ball, location: 2F
0-2: Ball
1-2: Foul Ball, location: 3F
1-2: Foul Ball, location: 2F
1-2: Foul Ball, location: 7LMF
1-2: Ball
2-2: Ball
3-2: Ground out 4-3 (Groundball, 4, EV 100.0 MPH)
Top of the 1st over - 0 runs, 0 hits, 0 errors, 0 left on base; New York 0 - Detroit 0
BOTTOM OF THE 1ST
Detroit Tigers batting - Pitching for New York Yankees : RHP Terence Blevins
Pitching: RHP Terence Blevins
Batting: LHB Jim Harvill 0-0: Called Strike
0-1: Fly out, F9 (Flyball, 9D, EV 103.8 MPH)
Batting: LHB Sebastian Ontiveros 0-0: Called Strike
0-1: SINGLE (Groundball, 6MD, EV 104.4 MPH)
Batting: SHB Carlos Vargas 0-0: Foul Ball, location: 2F
0-1: Called Strike
0-2: Strikes out swinging
Batting: RHB Kyle Garette 0-0: Called Strike
Sebastian Ontiveros steals 2nd base
0-1: Ball
1-1: Ball
2-1: Ball
3-1: Base on Balls
Batting: RHB Dragon Dainty 0-0: Called Strike
0-1: Called Strike
0-2: Ball
1-2: Ball
2-2: Foul Ball, location: 2F
2-2: Ball
3-2: Ground out 6-3 (Groundball, 6D, EV 96.9 MPH)
Bottom of the 1st over - 0 runs, 1 hit, 0 errors, 2 left on base; New York 0 - Detroit 0
TOP OF THE 2ND
New York Yankees batting - Pitching for Detroit Tigers : RHP Dylan Sheets
Batting: LHB Isaiah Howerton 0-0: Ball
1-0: Foul Ball, location: 2F
1-1: Fly out, F7 (Flyball, 7D, EV 103.1 MPH)
Batting: LHB Malcolm Boyd 0-0: Called Strike
0-1: Foul Ball, location: 2F
0-2: Strikes out swinging
Batting: SHB Jared Calhoun 0-0: Foul Ball, location: 9LMF
0-1: Fly out, F8 (Line Drive, 8LM, EV 95.6 MPH)
Top of the 2nd over - 0 runs, 0 hits, 0 errors, 0 left on base; New York 0 - Detroit 0
BOTTOM OF THE 2ND
Detroit Tigers batting - Pitching for New York Yankees : RHP Terence Blevins
Batting: RHB Merlin Weichert 0-0: Ball
1-0: Foul Ball, location: 25F
1-1: Ball
2-1: Foul Ball, location: 3SF
2-2: Strikes out looking
Batting: LHB Will Dishman 0-0: Called Strike
0-1: SINGLE (Groundball, 6MD, EV 110.0 MPH)
Batting: RHB Aarón Gutiérrez 0-0: Called Strike
0-1: Ball
1-1: Ball
2-1: Ball
3-1: Foul Ball, location: 9LMF
3-2: Fly out, F8 (Flyball, 8LM, EV 91.9 MPH)
Batting: RHB Zaiden Parker 0-0: Called Strike
0-1: Ball
1-1: Foul Ball, location: 23FF
1-2: Ball
2-2: Foul Ball, location: 2F
2-2: Foul Ball, location: 23FF
2-2: Ball
3-2: Ground out 6-3 (Groundball, 6, EV 85.6 MPH)
Bottom of the 2nd over - 0 runs, 1 hit, 0 errors, 1 left on base; New York 0 - Detroit 0
TOP OF THE 3RD
New York Yankees batting - Pitching for Detroit Tigers : RHP Dylan Sheets
Batting: LHB Dave Herbster 0-0: Ball
1-0: Fly out, F8 (Flyball, 8RD, EV 101.3 MPH)
Batting: RHB Zach Loftin 0-0: Ball
1-0: Foul Ball, location: 9LMF
1-1: Ball
2-1: Called Strike
2-2: Foul Ball, location: 9LDF
2-2: Ball
3-2: Fly out, F3 (Popup, 3SF, EV 81.3 MPH)
Batting: RHB C.J. Thompson 0-0: Called Strike
0-1: Ball
1-1: Foul Ball, location: 9LDF
1-2: Foul Ball, location: 2F
1-2: Strikes out swinging
Top of the 3rd over - 0 runs, 0 hits, 0 errors, 0 left on base; New York 0 - Detroit 0
BOTTOM OF THE 3RD
Detroit Tigers batting - Pitching for New York Yankees : RHP Terence Blevins
Batting: LHB Jim Harvill 0-0: Called Strike
0-1: Swinging Strike
0-2: Ground out 4-3 (Groundball, 4, EV 89.4 MPH)
Batting: LHB Sebastian Ontiveros 0-0: Ground out 6-3 (Groundball, 6, EV 88.1 MPH)
Batting: SHB Carlos Vargas 0-0: Called Strike
0-1: Ball
1-1: Ball
2-1: Swinging Strike
2-2: Fly out, F5 (Flyball, 5D, EV 90.6 MPH)
Bottom of the 3rd over - 0 runs, 0 hits, 0 errors, 0 left on base; New York 0 - Detroit 0
TOP OF THE 4TH
New York Yankees batting - Pitching for Detroit Tigers : RHP Dylan Sheets
Batting: LHB Jimmy Boyer 0-0: Foul Ball, location: 3FF
0-1: Foul Ball, location: 2F
0-2: Strikes out swinging
Batting: RHB Ray Christman 0-0: Called Strike
0-1: Ball
1-1: Fly out, F7 (Flyball, 7, EV 93.1 MPH)
Batting: LHB Daryn Scott 0-0: Called Strike
0-1: Called Strike
0-2: Fly out, F7 (Flyball, 78S, EV 90.0 MPH)
Top of the 4th over - 0 runs, 0 hits, 0 errors, 0 left on base; New York 0 - Detroit 0
BOTTOM OF THE 4TH
Detroit Tigers batting - Pitching for New York Yankees : RHP Terence Blevins
Batting: RHB Kyle Garette 0-0: Called Strike
0-1: Foul Ball, location: 2F
0-2: Foul Ball, location: 2F
0-2: Ball
1-2: Foul Ball, location: 9LDF
1-2: Ball
2-2: Ball
3-2: Ground out 6-3 (Groundball, 6, EV 89.4 MPH)
Pitching: RHP David Palmer
Batting: RHB Dragon Dainty 0-0: Ground out 6-3 (Groundball, P, EV 90.0 MPH)
Batting: RHB Merlin Weichert 0-0: Swinging Strike
0-1: Called Strike
0-2: Ball
1-2: Strikes out swinging
Bottom of the 4th over - 0 runs, 0 hits, 0 errors, 0 left on base; New York 0 - Detroit 0
TOP OF THE 5TH
New York Yankees batting - Pitching for Detroit Tigers : RHP Dylan Sheets
Batting: LHB Isaiah Howerton 0-0: Called Strike
0-1: Swinging Strike
0-2: Ball
1-2: Ball
2-2: Strikes out swinging
Batting: LHB Malcolm Boyd 0-0: Ball
1-0: SINGLE (Line Drive, 6MD, EV 96.9 MPH)
Batting: SHB Jared Calhoun 0-0: Ball
1-0: Called Strike
1-1: Ball
2-1: Ball
Malcolm Boyd steals 2nd base
3-1: Called Strike
3-2: Strikes out swinging
Batting: LHB Dave Herbster 0-0: Ball
1-0: Ball
2-0: Swinging Strike
2-1: Ball
3-1: Called Strike
3-2: Strikes out swinging
Top of the 5th over - 0 runs, 1 hit, 0 errors, 1 left on base; New York 0 - Detroit 0
BOTTOM OF THE 5TH
Detroit Tigers batting - Pitching for New York Yankees : RHP David Palmer
Batting: LHB Will Dishman 0-0: Ball
1-0: Foul Ball, location: 7LDF
1-1: Fly out, F7 (Flyball, 7, EV 88.8 MPH)
Batting: RHB Aarón Gutiérrez 0-0: Ball
1-0: Ground out 5-3 (Groundball, 5L, EV 82.5 MPH)
Batting: RHB Zaiden Parker 0-0: Ball
1-0: Ground out 5-3 (Groundball, 56S, EV 82.5 MPH)
Bottom of the 5th over - 0 runs, 0 hits, 0 errors, 0 left on base; New York 0 - Detroit 0
TOP OF THE 6TH
New York Yankees batting - Pitching for Detroit Tigers : RHP Dylan Sheets
Batting: RHB Zach Loftin 0-0: Called Strike
0-1: Called Strike
0-2: Foul Ball, location: 9LMF
0-2: Fly out, F9 (Flyball, 9LSF, EV 90.0 MPH)
Batting: RHB C.J. Thompson 0-0: Ball
1-0: Called Strike
1-1: Ball
2-1: Ground out 1-3 (Groundball, 15, EV 77.5 MPH)
Batting: LHB Jimmy Boyer 0-0: Ball
1-0: SINGLE (Line Drive, 6MD, EV 98.8 MPH)
Batting: RHB Ray Christman 0-0: Ball
1-0: Called Strike
Jimmy Boyer steals 2nd base
1-1: Foul Ball, location: 5FF
1-2: Ball
2-2: DOUBLE (Line Drive, 7LD, EV 85.6 MPH)
Jimmy Boyer scores
Batting: LHB Daryn Scott 0-0: Ball
1-0: Ball
2-0: Swinging Strike
2-1: Ball
3-1: Called Strike
3-2: Base on Balls
Batting: LHB Isaiah Howerton 0-0: Called Strike
0-1: Ball
1-1: SINGLE (Flyball, 89S, EV 94.4 MPH)
Ray Christman to third
Daryn Scott to second
Runner from 3rd tries for Home, SAFE, throw by RF to home
Batting: LHB Malcolm Boyd 0-0: Swinging Strike
0-1: Ball
1-1: Foul Ball, location: 2LF
1-2: Fielders Choice at 3rd, U5 (Groundball, 5L, EV 86.3 MPH)
Top of the 6th over - 2 runs, 3 hits, 0 errors, 1 left on base; New York 2 - Detroit 0
BOTTOM OF THE 6TH
Detroit Tigers batting - Pitching for New York Yankees : RHP David Palmer
Batting: LHB Jim Harvill 0-0: DOUBLE (Flyball, 7LD, EV 108.1 MPH)
Batting: LHB Sebastian Ontiveros 0-0: Ground out 4-3 (Groundball, 4, EV 89.4 MPH)
Jim Harvill to third
Batting: SHB Carlos Vargas 0-0: Ball
1-0: Called Strike
1-1: Foul Ball, location: 25F
1-2: Strikes out looking
Batting: RHB Kyle Garette 0-0: Ball
1-0: Foul Ball, location: 9LDF
1-1: Ball
2-1: Called Strike
2-2: Strikes out swinging
Bottom of the 6th over - 0 runs, 1 hit, 0 errors, 1 left on base; New York 2 - Detroit 0
TOP OF THE 7TH
New York Yankees batting - Pitching for Detroit Tigers : RHP Dylan Sheets
Batting: SHB Jared Calhoun 0-0: Ball
1-0: Ball
2-0: Ball
3-0: Base on Balls
Batting: LHB Dave Herbster 0-0: Ball
1-0: Fly out, F9 (Flyball, 89M, EV 79.4 MPH)
Pitching: RHP Jonas Gallick
Batting: RHB Zach Loftin 0-0: Fly out, F9 (Flyball, 9LSF, EV 87.5 MPH)
Batting: RHB C.J. Thompson 0-0: Called Strike
0-1: Foul Ball, location: 3F
0-2: Ball
1-2: Strikes out swinging
Top of the 7th over - 0 runs, 0 hits, 0 errors, 1 left on base; New York 2 - Detroit 0
BOTTOM OF THE 7TH
Detroit Tigers batting - Pitching for New York Yankees : RHP David Palmer
Batting: RHB Dragon Dainty 0-0: Called Strike
0-1: Called Strike
0-2: Ball
1-2: Ground out U3 (Groundball, 34, EV 109.4 MPH)
Batting: RHB Merlin Weichert 0-0: Ground out 6-3 (Groundball, 6, EV 84.4 MPH)
Batting: LHB Will Dishman 0-0: Called Strike
0-1: Ball
1-1: Ball
2-1: Ground out 6-3 (Groundball, 6, EV 103.1 MPH)
Bottom of the 7th over - 0 runs, 0 hits, 0 errors, 0 left on base; New York 2 - Detroit 0
TOP OF THE 8TH
New York Yankees batting - Pitching for Detroit Tigers : RHP Jonas Gallick
Batting: LHB Jimmy Boyer 0-0: Ball
1-0: Ball
2-0: Ball
3-0: Called Strike
3-1: Ground out 5-3 (Groundball, 15, EV 91.9 MPH)
Batting: RHB Ray Christman 0-0: Ball
1-0: Swinging Strike
1-1: Swinging Strike
1-2: Strikes out looking
Batting: LHB Daryn Scott 0-0: Foul Ball, location: 3F
0-1: Ball
1-1: Ball
2-1: Ball
3-1: SINGLE (Groundball, 4MD, EV 102.5 MPH)
Batting: LHB Isaiah Howerton 0-0: Foul Ball, location: 9LSFF
0-1: Swinging Strike
0-2: Ball
1-2: Strikes out swinging
Top of the 8th over - 0 runs, 1 hit, 0 errors, 1 left on base; New York 2 - Detroit 0
BOTTOM OF THE 8TH
Detroit Tigers batting - Pitching for New York Yankees : RHP David Palmer
Pitching: RHP Xander Monroe
Batting: RHB Aarón Gutiérrez 0-0: Ball
1-0: Called Strike
1-1: Ball
2-1: Fly out, F8 (Flyball, 8LD, EV 105.0 MPH)
Pinch Hitting: LHB Verrell Vander Mark 0-0: Ball
1-0: Swinging Strike
1-1: Ball
2-1: Ball
3-1: Foul Ball, location: 3FF
3-2: Ground out U3 (Groundball, 34, EV 107.5 MPH)
Batting: LHB Jim Harvill 0-0: Ball
1-0: Foul Ball, location: 5DF
1-1: Called Strike
1-2: Strikes out swinging
Bottom of the 8th over - 0 runs, 0 hits, 0 errors, 0 left on base; New York 2 - Detroit 0
TOP OF THE 9TH
New York Yankees batting - Pitching for Detroit Tigers : RHP Jonas Gallick
Now at 3B: Merlin Weichert
Now at SS: Kyle Garette
Now in LF: Verrell Vander Mark
Batting: LHB Malcolm Boyd 0-0: Ball
1-0: Foul Ball, location: 9LSF
1-1: Ball
2-1: Called Strike
2-2: Ball
3-2: Foul Ball, location: 25FF
3-2: Ground out 4-3 (Groundball, 4, EV 85.6 MPH)
Batting: SHB Jared Calhoun 0-0: Called Strike
0-1: Ball
1-1: Foul Ball, location: 23F
1-2: Foul Ball, location: 2F
1-2: Strikes out swinging
Batting: LHB Dave Herbster 0-0: Ball
1-0: Ball
2-0: Swinging Strike
2-1: DOUBLE (Groundball, 3L, EV 97.5 MPH)
Pitching: RHP Hadley Scott
Batting: RHB Zach Loftin 0-0: Called Strike
0-1: Ball
1-1: Ball
2-1: Ground out 4-3 (Groundball, 4, EV 97.5 MPH)
Top of the 9th over - 0 runs, 1 hit, 0 errors, 1 left on base; New York 2 - Detroit 0
BOTTOM OF THE 9TH
Detroit Tigers batting - Pitching for New York Yankees : RHP Xander Monroe
Batting: LHB Sebastian Ontiveros 0-0: Ball
1-0: Ball
2-0: Fly out, F8 (Flyball, 8LD, EV 109.4 MPH)
Batting: SHB Carlos Vargas 0-0: Swinging Strike
0-1: SINGLE (Flyball, 6D, EV 89.4 MPH)
Batting: RHB Kyle Garette 0-0: SINGLE (Groundball, 6MD, EV 105.6 MPH)
Carlos Vargas to second
Batting: RHB Dragon Dainty 0-0: Ball
1-0: Called Strike
1-1: Foul Ball, location: 23FF
1-2: Ball
2-2: Fly out, F8 (Flyball, 8LXD, EV 108.8 MPH)
Runner from 2nd tags up, SAFE at 3rd, no throw by CF
Batting: RHB Merlin Weichert 0-0: SINGLE (Line Drive, 7S, EV 92.5 MPH)
Carlos Vargas scores
Kyle Garette to second
Runner from 2nd tries for 3rd, SAFE, no throw by LF
Batting: LHB Will Dishman 0-0: Foul Ball, location: 3F
0-1: Ball
1-1: Foul Ball, location: 3DF
1-2: Strikes out looking
Bottom of the 9th over - 1 run, 3 hits, 0 errors, 2 left on base; New York 2 - Detroit 1
Thursday, April 18th , 2024 - OOTP Baseball 24.11 Build 85